 Dungeon Crawl Stone Soup version 0.23.2-33-g5129a83184 (webtiles) character file.

Game seed: 5232493836826536533

219 Felnil the Covert (level 5, -2/25 HPs)
             Began as a Spriggan Assassin on Aug 7, 2019.
             Killed from afar by an orc wizard (4 damage)
             ... with a magic dart
             ... on level 3 of the Dungeon.
             The game lasted 00:08:25 (1841 turns).

Felnil the Covert (Spriggan Assassin)               Turns: 1841, Time: 00:08:26

Health: -2/25      AC:  5    Str:  7    XL:     5   Next: 63%
Magic:  6/6        EV: 21    Int: 13    God:
Gold:   99         SH:  0    Dex: 18    Spells: 4/4 levels left

rFire    . . .     SeeInvis +   a - +3 dagger
rCold    . . .     Gourm    .   (shield restricted)
rNeg     . . .     Faith    .   t - +2 robe {MR+}
rPois    +         Spirit   .   (helmet restricted)
rElec    .         Reflect  .   s - +0 cloak
rCorr    .         Harm     .   (gloves unavailable)
MR       +....                  (boots unavailable)
Stlth    ++++......             (no amulet)
HPRegen  0.08/turn              q - ring of poison resistance
MPRegen  0.10/turn              (no ring)

@: very quick
A: very small, unfitting armour, see invisible, herbivore, speed 3, slow
metabolism 2
a: no special abilities


You were on level 3 of the Dungeon.
You were not hungry.

You visited 1 branch of the dungeon, and saw 3 of its levels.

You collected 99 gold pieces.

Inventory:

Hand Weapons
 a - a +3 dagger (weapon)
 b - a +0 blowgun
Missiles
 e - 8 poisoned needles
 f - 2 curare-tipped needles
Armour
 s - a +0 cloak (worn)
 t - a +2 robe of magic resistance (worn)
Jewellery
 q - a ring of poison resistance (left hand)
Potions
 c - a potion of magic
 h - 2 potions of curing
 i - a potion of berserk rage
 k - 2 potions of lignification {unknown}
 l - a potion of degeneration {unknown}
 m - a potion of brilliance
 n - 2 potions of might
 o - a potion of mutation {unknown}
 p - a potion of haste {unknown}
 r - a potion of agility {unknown}
Comestibles
 g - 6 rations


   Skills:
 - Level 1.5 Fighting
 - Level 2.1 Short Blades
 - Level 2.0 Throwing
 + Level 5.8 Dodging
 + Level 8.6 Stealth


You had 4 spell levels left.
You didn't know any spells.
Your spell library was empty.

Dungeon Overview and Level Annotations

Branches:
Dungeon (3/15)

Altars:
Gozag
Trog

Annotations:
D:3 Natasha


Innate Abilities, Weirdness & Mutations

You are very small and have problems with some larger weapons.
You are too small for most types of armour.
You have supernaturally acute eyesight. (SInv)
You are a herbivore.
You cover ground extremely quickly.
You need to consume almost no food.


Message History

The orc wizard is almost dead.
You hit the orc wizard but do no damage.
The orc wizard is almost dead.
The orc wizard hits you with a +0 dagger.
* * * LOW HITPOINT WARNING * * *
You hit the orc wizard but do no damage.
The orc wizard is almost dead.
The orc wizard barely misses you.
You hit the orc wizard.
The orc wizard is almost dead.
The orc wizard casts a spell.
The orc wizard flickers and vanishes for a moment.
You hit the orc wizard but do no damage.
The orc wizard is almost dead.
The orc wizard hits you but does no damage.
You barely miss the orc wizard.
The orc wizard is almost dead.
The orc wizard casts a spell at you. The magic dart hits you.
You die...

#...# #.###
#..... #.#
#..h.## #.#
+?....# #o#
#.....# #.#
#.....# #.#
#.....#
#o#####†....###
#oo@.†+........
#######....#.##
#......#
#####..<# .## #


You could see an orc wizard (invisible) and 2 orcs.

Vanquished Creatures
  Sigmund (D:2)
  3 dart slugs
  2 leopard geckos
  An orc (D:3)
  4 giant cockroaches
  4 goblins
  6 hobgoblins
  4 jackals (D:1)
  A ball python (D:1)
  3 bats (D:1)
  2 frilled lizards (D:1)
  4 kobolds
  5 rats
40 creatures vanquished.

Notes
Turn   | Place    | Note
-------+----------+-------------------------------------------
     0 | D:1      | Felnil the Spriggan Assassin began the quest for the Orb.
     0 | D:1      | Reached XP level 1. HP: 10/10 MP: 2/2
    40 | D:1      | Reached skill level 6 in Stealth
    74 | D:1      | Reached XP level 2. HP: 9/14 MP: 3/3
   504 | D:1      | Reached XP level 3. HP: 2/18 MP: 4/4
  1187 | D:2      | Found an opulent altar of Gozag.
  1188 | D:2      | Noticed Sigmund
  1192 | D:2      | Killed Sigmund
  1192 | D:2      | Reached skill level 5 in Dodging
  1192 | D:2      | Reached skill level 8 in Stealth
  1192 | D:2      | Reached XP level 4. HP: 22/22 MP: 5/5
  1192 | D:2      | Reached XP level 5. HP: 25/25 MP: 6/6
  1433 | D:2      | Found a bloodstained altar of Trog.
  1819 | D:3      | Noticed Natasha
  1837 | D:3      | HP: 1/25 [orc wizard/+0 dagger (6)]
  1841 | D:3      | Killed from afar by an orc wizard

Skill      XL: |  1  2  3 |
---------------+----------+-----
Stealth        | 6 8 |  8.6
Dodging        | 2 3 5 |  5.8
Fighting       | |  1.5
Short Blades   | |  2.1
Throwing       | |  2.0

Action                   |  1- 3 |  4- 6 || total
-------------------------+-------+-------++-------
Melee: Dagger            |    89 |    47 ||   136
  Use: Potion            |     2 |       ||     2
       Scroll            |       |    11 ||    11
 Stab: Sleeping          |     7 |     4 ||    11
       Distracted        |       |     2 ||     2
Armor: Robe              |     6 |     3 ||     9
Dodge: Dodged            |    58 |    47 ||   105
